 Dungeon Crawl Stone Soup version 0.20-a0-672-gd6c3c51 (webtiles) character file.

59 getnixed the Skirmisher (level 3, -2/29 HPs)
             Began as a Demonspawn Gladiator on Feb 17, 2017.
             Slain by a gnoll
             ... wielding a +0 flail
              (4 damage)
             ... on level 1 of the Dungeon.
             The game lasted 00:03:29 (1668 turns).

getnixed the Skirmisher (Demonspawn Gladiator)      Turns: 1668, Time: 00:03:30

Health: -2/29      AC:  7    Str: 14    XL:     3   Next: 78%
Magic:  3/3        EV: 13    Int:  9    God:
Gold:   62         SH:  0    Dex: 15    Spells: 2/2 levels left

rFire    . . .     SeeInvis .   a - +0 long sword
rCold    . . .     Gourm    .   b - +0 leather armour
rNeg     . . .     Faith    .   (no shield)
rPois    .         Spirit   .   c - +0 helmet
rElec    .         Reflect  .   j - +2 cloak
rCorr    .         Harm     .   (no gloves)
MR       .....                  (no boots)
Stlth    +.........             (no amulet)
Regen    0.1/turn               (no ring)
MPRegen  0.1/turn               (no ring)

@: no status effects
A: claws 1
a: no special abilities


You were on level 1 of the Dungeon.
You were near starving.

You visited 1 branch of the dungeon, and saw 2 of its levels.

You collected 62 gold pieces.

Inventory:

Hand Weapons
 a - a +0 long sword (weapon)
Armour
 b - a +0 leather armour (worn)
 c - a +0 helmet (worn)
 j - a +2 cloak (worn)
 n - a +0 chain mail
 o - a +0 pair of boots
Jewellery
 k - an uncursed ring of protection from fire {unknown}
Scrolls
 d - a scroll of identify
Potions
 g - a potion of agility
 l - a potion of degeneration {unknown}
 m - a potion of mutation {unknown}
Comestibles
 f - a bread ration


   Skills:
 * Level 3.2 Fighting
 * Level 3.0 Long Blades
 - Level 1.7 Throwing
 + Level 1.0 Armour
 * Level 3.1 Dodging


You had 2 spell levels left.
You didn't know any spells.

Dungeon Overview and Level Annotations

Branches:
Dungeon (2/15)

Altars:
The Shining One


Innate Abilities, Weirdness & Mutations

You have sharp fingernails.


Message History

* * * LOW HITPOINT WARNING * * *
You see here 12 arrows.
A gnoll opens the door.
The gnoll hits you with a flail.
* * * LOW HITPOINT WARNING * * *
There is an open door here.
There is an open door here.
You see here a weird runed staff.
There is a stone staircase leading up here.
The gnoll hits you with a flail!
* * * LOW HITPOINT WARNING * * *
You climb upwards.
There is a stone staircase leading down here.
You closely miss the gnoll. The gnoll misses you.
You barely miss the gnoll. The gnoll hits you but does no damage.
You are near starving!
You hit the gnoll.
The gnoll is heavily wounded.
The gnoll hits you with a flail.
You die...

#.........##.#.#.##.⌠#.#.##....
#...##.....#.#.##...##.#.#.....
#...##.....#.##.#####.##.#...#.
#.†.##.....##.##.....##.##...#.
#...####....##.#######.##....##
#...# #......##.......##.......
##### #.......####⌠####........
##### ##.......g..###...........
....####........@..##....>.......
......)...............######.#...
.....###.####....(.#########)#.##
####.##..# ##..........#......##
#.##.## #.#....###....###...
#.....#####.#...........###...
#####...##....#.............#(..
##...#.#....b...........##.......
.....#.#...#####........######...


You could see a gnoll and a bat.

Vanquished Creatures
  A gnoll (D:2)
  An adder (D:2)
  A worm (D:2)
  A dart slug (D:1)
  2 leopard geckos
  A ball python (D:1)
  3 giant cockroaches
  5 goblins
  6 hobgoblins
  3 kobolds
  A bat (D:2)
  3 frilled lizards
  3 rats (D:2)
31 creatures vanquished.

Notes
Turn   | Place    | Note
-------+----------+-------------------------------------------
     0 | D:1      | getnixed the Demonspawn Gladiator began the quest for the Orb.
     0 | D:1      | Reached XP level 1. HP: 16/16 MP: 1/1
   179 | D:1      | Gained mutation: You have sharp fingernails. [demonic ancestry]
   179 | D:1      | Reached XP level 2. HP: 7/23 MP: 2/2
   644 | D:1      | Found a glowing golden altar of the Shining One.
  1040 | D:2      | Reached XP level 3. HP: 19/28 MP: 3/3
  1539 | D:2      | Reached skill level 1 in Armour
  1664 | D:2      | HP: 1/29 [gnoll/flail (9)]
  1668 | D:1      | Slain by a gnoll

Vault maps used:
D:1:      nagdon_arrival_double_spiral, tso_metal_star

Skill      XL: |  1  2  3 |
---------------+----------+-----
Dodging        | 3 |  3.1
Fighting       | 3 |  3.2
Long Blades    | 3 |  3.0
Armour         | 1 |  1.0
Throwing       | |  1.7

Action                   || total
-------------------------++-------
Melee: Long sword        ||    98
  Use: Scroll            ||     4
 Stab: Sleeping          ||     1
  Eat: Chunk             ||     1
Armor: Leather armour    ||    34
Dodge: Dodged            ||    91
       Rpst.: Long sword ||    31
